 Dungeon Crawl Stone Soup version 0.31-a0-325-g067879e3d3 (webtiles) character file.

Game seed: 8065695458949732880

226 lunkers the Insei (level 6, -8/48 HPs)
             Began as a Meteoran Shapeshifter on July 18, 2023.
             Mangled by a gnoll
             ... wielding a +0 halberd
              (11 damage)
             ... on level 3 of the Dungeon.
             The game lasted 00:01:48 (1031 turns).

lunkers the Insei (Meteoran Shapeshifter)           Turns: 1031, Time: 00:01:48

Health: -8/48      AC:  2    Str: 16    XL:     6   Next: 46%
Magic:  7/7        EV: 13    Int: 10    God:
Gold:   79         SH:  0    Dex: 17    Spells: 5/5 levels left

rFire   . .          .
                       - Unarmed
rCold   . . .        (no shield)
rNeg    . . .        a - +0 animal skin
rPois   .            (helmet currently unavailable)
rElec   .            (cloak currently unavailable)
rCorr   .            (gloves currently unavailable)
SInv    .            (boots currently unavailable)
Will    .....        (no amulet)
Stlth   +            (no ring)
HPRegen 0.28/turn    (no ring)
MPRegen 0.10/turn

%: no passive effects
@: beast-form, glowing
A: beast (slay +2), sense surroundings 1, otherworldly, glowing, explore regen
a: Begin Untransformation


You were on level 3 of the Dungeon.
You were a hulking beast.
You visited 1 branch of the dungeon, and saw 3 of its levels.

You collected 79 gold pieces.

Inventory:

Armour
 a - a +0 animal skin (worn)
Talismans
 c - a beast talisman
Scrolls
 f - a scroll of identify {unknown}
 g - 2 scrolls of teleportation {unknown}
 i - a scroll of noise {unknown}
 l - a scroll of enchant weapon {unknown}
Potions
 b - a potion of lignification
 d - a potion of degeneration {unknown}
 e - a potion of heal wounds {unknown}
 h - a potion of berserk rage {unknown}
 j - a potion of brilliance {unknown}
 k - a potion of might {unknown}


   Skills:
 - Level 2.1 Fighting
 - Level 2.4 Dodging
 + Level 7.3 Unarmed Combat
 - Level 3.6 Shapeshifting


You had 5 spell levels left.
You didn't know any spells.
Your spell library contained the following spells:

 Spells                   Type           Power      Damage    Failure   Level
 Magic Dart               Conj           0%         1d3       36%         1
 Call Imp                 Summ           0%         N/A       50%         2
 Poisonous Vapours        Pois/Air       0%         N/A       50%         2
 Mephitic Cloud           Conj/Pois/Air  0%         N/A       75%         3
 Freezing Cloud           Conj/Ice/Air   0%         6-21      100%        5


Dungeon Overview and Level Annotations

Branches:
Dungeon (3/15) Zot: 776

Altars:


Innate Abilities, Weirdness & Mutations

You are a hulking beast.
Your limbs bulge with bestial killing power. (Slay +2)
You passively map a small area around you.
You are easily found by Zot.
You glow in the dark.
You regain HP and MP as you explore.


Message History

The kobold hits you with a +0 whip.
You hit the kobold.
You kill the kobold!
The gnoll closely misses you.
The gnoll hits you from afar with a +0 halberd!
A gnoll comes into view. It is wielding a +0 spear.
The gnoll hits you with a +0 spear.
A goblin comes into view. It is wielding a +0 dagger.
The gnoll closely misses you.
You closely miss the gnoll.
The goblin shouts!
The gnoll hits you with a +0 spear.
* * * LOW HITPOINT WARNING * * *
A gnoll comes into view. It is wielding a +0 spear.
The gnoll hits you from afar with a +0 halberd.
* * * LOW HITPOINT WARNING * * *
Unknown command.
The gnoll shouts!
You punch the gnoll!
The gnoll is severely wounded.
You hear a shout!
Unknown command.
Unknown command.
You hit the gnoll.
The gnoll is almost dead.
The gnoll hits you with a +0 spear.
* * * LOW HITPOINT WARNING * * *
The gnoll closely misses you.
Unknown command.
You hit the gnoll.
The gnoll is almost dead.
The gnoll hits you with a +0 spear.
* * * LOW HITPOINT WARNING * * *
The gnoll hits you from afar with a +0 halberd!
* * * LOW HITPOINT WARNING * * *
You closely miss the gnoll.
The gnoll is almost dead.
A hobgoblin comes into view.
The gnoll hits you from afar with a +0 halberd!
You die...

* *,###..#........ * , *
#.........#### , ,
#.###.###.# , * ,* * #.#
#####.## #,, #.# #...# ,
#., #.# #...# * #.. #.#
#...#* * ###...#####.#
##.##, * .......h....#*
##.# ,
.....g.g.............,,,
, ......g......#.###.##
, * #.#...#.######.# #.#
, * # #...#.# #.###.###
#.≈.≈.# ##.......#
*,#≈.≈.≈# ##...##.#.###
g#...## #.#...#...... *
* ~ * #.#.....#.###


You could see 3 gnolls and a hobgoblin.

Vanquished Creatures
  Sigmund (D:2)
  3 adders (D:2)
  A dart slug (D:2)
  An orc (D:3)
  5 endoplasms
  A giant cockroach (D:3)
  4 goblins
  2 hobgoblins
  2 quokkas (D:1)
  5 ball pythons
  A bat (D:1)
  6 frilled lizards
  2 kobolds
  3 rats
37 creatures vanquished.

Notes
Turn   | Place    | Note
-------+----------+-------------------------------------------
     0 | D:1      | lunkers the Meteoran Shapeshifter began the quest for the
                  | Orb.
     0 | D:1      | Reached XP level 1. HP: 17/17 MP: 2/2
   133 | D:1      | Reached skill level 3 in Unarmed Combat
   133 | D:1      | Reached XP level 2. HP: 15/24 MP: 3/3
   499 | D:2      | Reached XP level 3. HP: 29/29 MP: 4/4
   511 | D:2      | Reached skill level 4 in Unarmed Combat
   597 | D:2      | Reached XP level 4. HP: 32/36 MP: 5/5
   683 | D:2      | Reached skill level 5 in Unarmed Combat
   727 | D:2      | Noticed Sigmund
   739 | D:2      | Killed Sigmund
   740 | D:2      | Reached skill level 7 in Unarmed Combat
   740 | D:2      | Reached XP level 5. HP: 40/41 MP: 6/6
   740 | D:2      | Reached XP level 6. HP: 47/48 MP: 7/7
  1031 | D:3      | Mangled by a gnoll

Illustrated notes

Levels and vault maps discovered:
D:1:      mrwooster_arrival_statue_2, layout_loops_ring,
          dreamdust_princess_corridor, serial_bayou_crossing
D:2:      layout_loops_ring, uniq_sigmund
D:3:      layout_loops_cross, nicolae_ru_path_of_blood

Skill      XL: |  1  2  3  4 |
---------------+-------------+-----
Unarmed Combat | 3 4 7 |  7.3
Fighting       | |  2.1
Dodging        | |  2.4
Shapeshifting  | |  3.6

Action                     |  1- 3 |  4- 6 || total
---------------------------+-------+-------++-------
  Melee: Unarmed           |    61 |    42 ||   103
         Punch             |       |     1 ||     1
    Use: Potion            |       |     1 ||     1
 Armour: Animal skin       |    10 |     1 ||    11
         Skin              |       |     5 ||     5
  Dodge: Dodged            |    29 |    12 ||    41

Table legend: (Time is in decaauts)
 A = Elapsed time spent in this place.
 B = Non-inter-level travel time spent in this place.
 C = Inter-level travel time spent in this place.
 D = Time resting spent in this place.
 E = Time spent auto-exploring this place.
 F = Levels seen in this place.
 G = Mean time per level.
                   A        B        C        D        E       F      G
               +--------+--------+--------+--------+--------+-----+--------+
         Total |   1022 |   1002 |     20 |     20 |    736 |   3 |  340.7 |
       Dungeon |   1022 |   1002 |     20 |     20 |    736 |   3 |  340.7 |
               +--------+--------+--------+--------+--------+-----+--------+

Top non-repeatable levels by time:
     D:1: 487 daAuts
     D:2: 385 daAuts
     D:3: 149 daAuts
